 Dungeon Crawl Stone Soup version 0.29.1-1-gd02db69 (webtiles) character file.

Game seed: 16019024597408511304

12755 Dorkslayer the Carver (level 11, -9/95 HPs)
             Began as a Hill Orc Fighter on Oct 23, 2022.
             Was an Initiate of Gozag.
             Mangled by a stone giant (27 damage)
             ... on level 11 of the Dungeon.
             The game lasted 00:29:54 (11918 turns).

Dorkslayer the Carver (Hill Orc Fighter)           Turns: 11918, Time: 00:29:55

Health: -9/95      AC: 19    Str: 22    XL:     11   Next: 98%
Magic:  11/11      EV:  7    Int:  8    God:    Gozag
Gold:   1779       SH:  6    Dex: 18    Spells: 10/10 levels left

rFire   . . .      SeeInvis +   l - +4 scimitar (flame)
rCold   . . .      Faith    .   c - +0 buckler
rNeg    . . .      Spirit   .   L - +1 plate armour
rPois   .          Reflect  .   u - +0 helmet
rElec   .          Harm     .   (no cloak)
rCorr   .          Rampage  .   x - +0 pair of gloves
Will    .....                   p - +0 pair of boots
Stlth   ..........              F - amulet of magic regeneration
HPRegen 0.25/turn               m - ring of see invisible
MPRegen 0.52/turn               v - +6 ring of dexterity

@: no status effects
A: no striking features
a: Renounce Religion, Potion Petition, Call Merchant, Bribe Branch


You were on level 11 of the Dungeon.
You worshipped Gozag.
Gozag was most pleased with you.
You visited 2 branches of the dungeon, and saw 12 of its levels.
You also visited: Ossuary.

You collected 1899 gold pieces.
You paid 120 gold pieces to Gozag.

Inventory:

Hand Weapons
 l - a +4 scimitar of flaming (weapon)
 o - a +2 flail of holy wrath
Missiles
 H - 8 boomerangs (quivered)
 I - 5 javelins
 J - 2 curare-tipped darts
Armour
 c - a +0 buckler (worn)
 p - a +0 pair of boots (worn)
 u - a +0 helmet (worn)
 x - a +0 pair of gloves (worn)
 L - a +1 plate armour (worn)
Jewellery
 d - a ring of resist corrosion
 m - a ring of see invisible (left hand)
 v - a +6 ring of dexterity (right hand)
 F - an amulet of magic regeneration (around neck)
Wands
 b - a wand of roots (2)
 f - a wand of paralysis (4)
 K - a wand of digging (3)
Scrolls
 a - a scroll of immolation
 i - 2 scrolls of teleportation
 k - 2 scrolls of blinking {unknown}
 n - 4 scrolls of amnesia
 q - a scroll of poison
 r - a scroll of fear {unknown}
 t - a scroll of silence {unknown}
 w - 3 scrolls of enchant armour
 A - 2 scrolls of vulnerability
 E - a scroll of brand weapon {unknown}
Potions
 e - a potion of resistance
 g - 2 potions of curing
 h - 2 potions of heal wounds
 j - 2 potions of magic
 s - 2 potions of degeneration
 B - a potion of cancellation
 C - a potion of brilliance
 D - a potion of flight {unknown}
 G - 2 potions of berserk rage {unknown}
Miscellaneous
 y - a lightning rod (4/4)


   Skills:
 + Level 8.4 Fighting
 + Level 12.3 Long Blades
 + Level 3.0(3.5) Axes
 + Level 2.1(2.7) Maces & Flails
 + Level 5.9 Throwing
 + Level 9.4 Armour
 + Level 2.0 Dodging
 + Level 2.0 Stealth
 + Level 7.0 Shields
 * Level 5.3 Evocations


You had 10 spell levels left.
You didn't know any spells.
Your spell library contained the following spells:

 Spells                   Type           Power      Damage    Failure   Level
 Beastly Appendage        Tmut           0%         N/A       100%        1
 Ensorcelled Hibernation  Hex/Ice        0%         N/A       100%        2
 Sublimation of Blood     Necr           0%         N/A       100%        2
 Wereblood                Tmut           0%         N/A       100%        2
 Spider Form              Tmut/Pois      0%         N/A       100%        3
 Summon Guardian Golem    Hex/Summ       0%         N/A       100%        3
 Anguish                  Hex/Necr       0%         N/A       100%        4
 Summon Lightning Spire   Summ/Air       0%         N/A       100%        4
 Haunt                    Necr/Summ      0%         N/A       100%        7
 Orb of Destruction       Conj           0%         9d5       100%        7
 Spellforged Servitor     Conj/Summ      0%         N/A       100%        7
 Storm Form               Tmut/Air       0%         N/A       100%        7
 Summon Hydra             Summ           0%         N/A       100%        7
 Infestation              Necr           0%         N/A       100%        8
 Maxwell's Capacitive Co  Air            0%         ∞         100%        8
 Animate Dead             Necr           Unusable   N/A       N/A         4

Dungeon Overview and Level Annotations

Branches:
Dungeon (10/15)            Temple (1/1) D:6            Lair (0/5) D:9
Ossuary (visited)
    Orc: D:9-12

Altars:
Ashenzari
Cheibriados
Dithmenos
Elyvilon
Fedhas
Gozag
Hepliaklqana
Kikubaaqudgha
Makhleb
Nemelex Xobeh
Okawaru
Qazlal
Ru
Sif Muna
Trog
Uskayaw
Vehumet
Wu Jian
Xom
Yredelemnul
Zin
The Shining One

Shops:
D:4 [   D:6 (


Message History

You feel a little less mighty now.
HP restored.
Found a stone staircase leading down.
You see here an amulet of faith.
You now have 1747 gold pieces (gained 12).
Found an escape hatch in the floor.
Found 15 gold pieces.
You now have 1762 gold pieces (gained 15).
Found 17 gold pieces.
Found a stone staircase leading down.
You now have 1779 gold pieces (gained 17).
H - 8 boomerangs (gained 3)
You open the door.
There is an open door here.
A stone giant comes into view.
The stone giant shouts!
The stone giant throws a large rock.
The large rock hits you! The stone giant closely misses you.
You hit the stone giant. You burn the stone giant.
The stone giant is lightly wounded.
You slash the stone giant! You burn the stone giant.
The stone giant is lightly wounded.
You block the stone giant's attack.
You slash the stone giant! You burn the stone giant.
The stone giant is moderately wounded.
You block the stone giant's attack.
You barely miss the stone giant.
The stone giant is moderately wounded.
The stone giant hits you!!
You hit the stone giant. You burn the stone giant.
The stone giant is heavily wounded.
The stone giant hits you!!
* * * LOW HITPOINT WARNING * * *
You slash the stone giant! You burn the stone giant.
The stone giant is heavily wounded.
You slash the stone giant! You burn the stone giant.
The stone giant is severely wounded.
The stone giant hits you!!
You die...
Your body crumbles into a pile of gold.

#...# #..#
#...# #..#
#...# #..#
#...# #..#
#...# #..#
#...# #.^#
#...# #..#
##### #...#
#..# #.C@##
#...######..#
#.#+#.#
#...........#
#. #.#
#...........#
#.###.#
#...........#
#...##
#...........#
##'##
#...........#
#.#
#......"....#
#.#
#.^.........#
#.#
#............


You could see a stone giant.

Vanquished Creatures
  A boulder beetle (D:10)
  Erica (D:8)
  2 two-headed ogres
  A flayed ghost (D:8)
  Pikel (D:8)
  A troll (D:9)
  Sigmund (D:5)
  A shadow (D:8)
  4 wraiths (D:8)
  11 yaks
  2 wyverns (D:8)
  6 fire bats (D:8)
  A steam dragon (D:10)
  Menkaure (D:7)
  2 acid dragons
  3 water moccasins
  2 orc warriors
  4 sky beasts
  A black bear (D:9)
  2 ice beasts
  3 ogres
  3 lemures (D:8)
  2 centaurs
  3 phantoms
  Blork the orc (D:4)
  A kobold brigand (D:10)
  7 bullfrogs
  5 gnoll sergeants
  17 scorpions
  A necrophage (D:7)
  6 killer bees (D:8)
  2 howler monkeys
  5 centaur zombies (Ossuary)
  3 orc priests
  4 hounds
  3 human zombies (Ossuary)
  A jelly (D:8)
  2 gnoll boudas
  2 iguanas
  2 orc wizards (D:7)
  2 scorpion zombies (Ossuary)
  3 mummies (Ossuary)
  26 gnolls
  5 adders
  2 shadow imps
  A white imp (D:6)
  A worm (D:3)
  A dart slug (D:1)
  33 orcs
  3 ball pythons
  6 endoplasms
  2 giant cockroaches
  A gnoll zombie (Ossuary)
  3 goblins
  7 hobgoblins
  14 kobolds
  A quokka (D:1)
  55 bats
  3 frilled lizards
  A hobgoblin zombie (Ossuary)
  3 kobold zombies (Ossuary)
  An orc zombie (Ossuary)
  5 rats
  A rat zombie (D:5)
301 creatures vanquished.

Vanquished Creatures (others)
  38 fungi (D:9)
  18 plants
56 creatures vanquished.

Grand Total: 357 creatures vanquished

Notes
Turn   | Place    | Note
-------+----------+-------------------------------------------
     0 | D:1      | Dorkslayer the Hill Orc Fighter began the quest for the
                  | Orb.
     0 | D:1      | Reached XP level 1. HP: 19/19 MP: 1/1
    83 | D:1      | Reached XP level 2. HP: 19/27 MP: 2/2
   494 | D:1      | Found a faded altar of an unknown god.
   731 | D:2      | Reached XP level 3. HP: 33/33 MP: 3/3
  1482 | D:3      | Reached skill level 3 in Long Blades
  1606 | D:3      | Reached skill level 1 in Throwing
  1606 | D:3      | Reached XP level 4. HP: 30/40 MP: 4/4
  1982 | D:3      | Found a shadowy altar of Dithmenos.
  2311 | D:4      | Found a broken altar of Ashenzari.
  2318 | D:4      | Noticed an ogre
  2329 | D:4      | Killed an ogre
  2330 | D:4      | Reached XP level 5. HP: 27/46 MP: 5/5
  2492 | D:4      | Noticed Blork the orc
  2517 | D:4      | Killed Blork the orc
  2518 | D:4      | Reached XP level 6. HP: 18/53 MP: 6/6
  2723 | D:4      | Found Giserch's Armour Shop.
  2882 | D:4      | Reached skill level 4 in Long Blades
  2992 | D:5      | Entered Level 5 of the Dungeon
  3236 | D:5      | Reached XP level 7. HP: 60/60 MP: 7/7
  3239 | D:5      | Reached skill level 5 in Armour
  3239 | D:5      | Noticed Sigmund
  3251 | D:5      | Killed Sigmund
  3289 | D:5      | Identified the ring "Qonesme" {Wiz rPois rF- rC+}
  3477 | D:5      | Reached skill level 5 in Long Blades
  3518 | D:5      | Reached XP level 8. HP: 20/67 MP: 8/8
  3524 | D:5      | Found a burning altar of Makhleb.
  4057 | D:5      | Found a glowing golden altar of the Shining One.
  4059 | D:5      | Identified the +1 cloak "Gitoeky" {rPois rN+ Will++ Dex-5}
  4059 | D:5      | Noticed an angel
  4070 | D:5      | Found a basalt altar of Yredelemnul.
  4080 | D:5      | Noticed a profane servitor
  4168 | D:5      | Found an ancient bone altar of Kikubaaqudgha.
  4349 | D:6      | Found Ybliwam's Weapon Boutique.
  4366 | D:6      | Reached skill level 5 in Fighting
  4366 | D:6      | Reached skill level 6 in Long Blades
  4404 | D:6      | Found a sand-covered staircase.
  4409 | Ossuary  | Entered an ossuary
  4631 | Ossuary  | Reached skill level 7 in Long Blades
  4913 | Ossuary  | Reached XP level 9. HP: 61/74 MP: 9/9
  4957 | Ossuary  | Reached skill level 8 in Long Blades
  4977 | Ossuary  | Reached skill level 5 in Shields
  5776 | D:6      | Reached skill level 1 in Dodging
  5868 | D:6      | Found a blossoming altar of Fedhas.
  5981 | D:6      | Found a bloodstained altar of Trog.
  6023 | D:6      | Found a staircase to the Ecumenical Temple.
  6032 | Temple   | Entered the Ecumenical Temple
  6123 | Temple   | Became a worshipper of Gozag Ym Sagoz the Greedy
  6490 | D:6      | Reached skill level 9 in Long Blades
  6699 | D:7      | Reached skill level 5 in Throwing
  6854 | D:7      | Identified the +1 leather armour of the Storm King {rElec
                  | rC- Str+2}
  6893 | D:7      | Noticed Menkaure
  6909 | D:7      | Killed Menkaure
  7483 | D:7      | Reached XP level 10. HP: 79/84 MP: 10/10
  7546 | D:7      | Found a hide-covered altar of Uskayaw.
  7572 | D:7      | Reached skill level 1 in Axes
  7658 | D:7      | Reached skill level 1 in Maces & Flails
  7988 | D:8      | Found a sparkling altar of Nemelex Xobeh.
  8399 | D:8      | Noticed Pikel
  8434 | D:8      | Killed Pikel
  8618 | D:8      | Reached skill level 10 in Long Blades
  8708 | D:8      | Noticed Erica
  8722 | D:8      | Paralysed by Erica for 2 turns
  8751 | D:8      | Killed Erica
  8752 | D:8      | Reached skill level 1 in Evocations
  9097 | D:8      | Reached skill level 1 in Stealth
  9207 | D:8      | Found a runed translucent door.
  9270 | D:8      | Found a shimmering altar of Xom.
  9284 | D:8      | Noticed a flayed ghost
  9309 | D:8      | Found a basalt altar of Yredelemnul.
  9373 | D:8      | Found a snail-covered altar of Cheibriados.
  9439 | D:8      | Reached XP level 11. HP: 91/92 MP: 11/11
  9449 | D:8      | Found an iron altar of Okawaru.
  9545 | D:8      | Killed a flayed ghost
  9569 | D:8      | Found a bloodstained altar of Trog.
  9599 | D:8      | Reached skill level 11 in Long Blades
  9621 | D:8      | Found a blossoming altar of Fedhas.
 10378 | D:9      | Found a staircase to the Lair.
 10858 | D:9      | Noticed a two-headed ogre
 10866 | D:9      | Killed a two-headed ogre
 11340 | D:10     | Entered Level 10 of the Dungeon
 11514 | D:10     | Noticed a two-headed ogre
 11514 | D:10     | Noticed a boulder beetle
 11534 | D:10     | Reached skill level 12 in Long Blades
 11543 | D:10     | Killed a two-headed ogre
 11544 | D:10     | Reached skill level 5 in Evocations
 11553 | D:10     | Killed a boulder beetle
 11570 | D:10     | You fall into a shaft and drop 1 floor!
 11910 | D:11     | Noticed a stone giant
 11918 | D:11     | Mangled by a stone giant

Illustrated notes

Levels and vault maps discovered:
D:1:      dpeg_arrival_shrine, layout_rooms,
          hellmonk_ecumenical_altar_crossroads, minmay_misc_feat_four_crosses,
          corexii_corridor_pit, serial_bayou_ford_a, minmay_misc_feat_room,
          minmay_strange_pillars
D:2:      layout_loops_corners
D:3:      layout_basic, mainiacjoe_overflow_alcove_2, dk_noncrumbling_4
D:4:      layout_cave_pools, lemuel_crystal_altar, serial_shops,
          nicolae_shop_crystal, uniq_blork_the_orc
D:5:      layout_basic, grunt_temple_overflow_holy_war,
          makhleb_blood_cavern_becter, lemuel_zombie_altar_kikubaaqudgha,
          uniq_sigmund
D:6:      layout_basic, marbit_many_paths, kennysheep_mini,
          minmay_temple_entry_antechambers, enter_ossuary_5, serial_shops,
          shop_fountains, grunt_ministairs_7, kennysheep_generic_room_13
D:7:      layout_cave_pools, lemuel_doored_altar, grunt_ministairs_4,
          uniq_menkaure
D:8:      due_megacathedral, layout_basic, nemelex_xobeh_ov_fountains_minmay,
          moated_statue, uniq_pikel, uniq_erica
D:9:      layout_basic, due_lair_maze_entry_diamond
D:10:     layout_roguey, special_room [special_room_orc]
D:11:     layout_long_grid, gammafunk_ghost_stat_death, kennysheep_just_a_vault
Temple:   minmay_temple_forest_path

Skill      XL: |  1  2  3  4  5  6  7  8  9 10 11 |
---------------+----------------------------------+-----
Long Blades    | 3 4 5 7 9 10 12 | 12.3
Throwing       | 1 2 3 4 5 |  5.9
Shields        | 4 5 6 7 |  7.0
Fighting       | 4 5 6 7 8 |  8.4
Armour         | 4 5 6 7 8 9 |  9.4
Dodging        | 1 2 |  2.0
Axes           | 3 |  3.0
Maces & Flails | 2 |  2.1
Evocations     | 2 5 |  5.3
Stealth        | 1 2 |  2.0

Action                   |  1- 3 |  4- 6 |  7- 9 | 10-12 || total
-------------------------+-------+-------+-------+-------++-------
Melee: Long sword        |   116 |   104 |   518 |   206 ||   944
       Scimitar          |       |       |       |   365 ||   365
Throw: Dart              |       |     3 |     2 |     8 ||    13
       Javelin           |       |       |    13 |    25 ||    38
       Boomerang         |       |       |       |     3 ||     3
Evoke: Wand              |       |       |       |     1 ||     1
  Use: Potion            |       |     1 |     8 |    15 ||    24
       Scroll            |       |       |     8 |     9 ||    17
 Stab: Distracted        |       |       |     1 |     2 ||     3
       Invisible         |       |       |       |     5 ||     5
Armor: Scale mail        |    71 |       |       |       ||    71
       Chain mail        |       |    73 |   345 |   324 ||   742
       Plate armour      |       |       |       |    39 ||    39
Dodge: Dodged            |    82 |    39 |   186 |   238 ||   545
Block: Buckler           |    39 |    17 |   110 |   192 ||   358
